 Dungeon Crawl Stone Soup version 0.17.1-2-g5865329 (webtiles) character file.

116 namelastname112 the Cudgeler (level 5, 0/42 HPs)
             Began as a Formicid Chaos Knight on Jan 18, 2016.
             Succumbed to a goblin's poison
             ... on level 2 of the Dungeon.
             The game lasted 00:02:49 (1616 turns).

namelastname112 the Cudgeler (FoCK)                 Turns: 1616, Time: 00:02:49

Health: 0/42       AC:  6    Str: 18    XL:     5   Next: 20%
Magic:  5/5        EV: 11    Int: 11    God:    Xom [...*..]
Gold:   98         SH:  0    Dex: 10    Spells: 0 memorised, 4 levels left

rFire  . . .     SeeInvis +     a - +0 mace (chaos)
rCold  . . .     Clarity  .     b - +2 leather armour
rNeg   . . .     SustAt   .     (no shield)
rPois  .         Gourm    .     (helmet unavailable)
rElec  .         Spirit   .     (no cloak)
rCorr  .         Warding  .     f - +0 pair of gloves
rMut   .         Stasis   +     (no boots)
MR     .....                    (no amulet)
Stlth  +.........               (no ring)
                                (no ring)

@: lethally poisoned (0 -> -16), not resistant to hostile enchantments, very
unstealthy
A: permanent stasis, dig shafts and tunnels, four strong arms, antennae 3
a: Dig, Shaft Self, Renounce Religion


You were on level 2 of the Dungeon.
You worshipped Xom.
You were a favourite toy of Xom.
You were not hungry.

You visited 1 branch of the dungeon, and saw 2 of its levels.

You collected 98 gold pieces.

Inventory:

Hand Weapons
 a - a +0 mace of chaos (weapon)
Armour
 b - a +2 leather armour (worn)
 f - a +0 pair of gloves (worn)
Scrolls
 e - 2 scrolls of identify {unknown}
 g - 2 scrolls of remove curse {unknown}
 i - a scroll of immolation {unknown}
Comestibles
 c - a bread ration
 d - 2 meat rations
 h - a slice of pizza
 j - a beef jerky


   Skills:
 + Level 4.1 Fighting
 * Level 4.2 Maces & Flails
 + Level 2.9 Armour
 + Level 1.6 Dodging


You had 4 spell levels left.
You didn't know any spells.

Dungeon Overview and Level Annotations

Branches:
Dungeon (2/15)

Altars:
Sif Muna


Innate Abilities, Weirdness & Mutations

You are under a permanent stasis effect.
You can dig through walls and to a lower floor.
Your four strong arms can wield two-handed weapons with a shield.
You have a pair of large antennae on your head (SInv).


Message History

Okay, then.
There is a lethal amount of poison in your body!
* * * LOW HITPOINT WARNING * * *
You feel very sick.
Things that are here:
a dagger of venom; a goblin corpse
* * * LOW HITPOINT WARNING * * *
You feel sick.
* * * LOW HITPOINT WARNING * * *
You feel sick.
* * * LOW HITPOINT WARNING * * *
You feel sick.
* * * LOW HITPOINT WARNING * * *
You feel sick.
* * * LOW HITPOINT WARNING * * *
You feel sick.
* * * LOW HITPOINT WARNING * * *
You feel sick.
You die...
Xom snickers!

#####.# #.#.# #..#
#.##.##.#.# #.#
#.#.###).#####.##.##.#.##
#.#
#............#.##.##.#...
#.#
###..................#...
#.#
#####..#####...........
#.# #######..#
######..#... ..
.........# #.....#
########.###########.####
#@............#
###############


There were no monsters in sight!

Vanquished Creatures
  Natasha (D:2)
  2 adders (D:2)
  2 gnolls (D:2)
  An ooze (D:1)
  3 worms (D:2)
  A giant gecko (D:2)
  2 bats
  5 hobgoblins (D:2)
  2 jackals (D:2)
  5 kobolds
  3 giant cockroaches
  4 giant newts
  6 goblins
  2 rats
39 creatures vanquished.

Notes
Turn   | Place    | Note
--------------------------------------------------------------
     0 | D:1      | namelastname112 the Formicid Chaos Knight began the quest for the Orb.
     0 | D:1      | Reached XP level 1. HP: 18/18 MP: 1/1
     9 | D:1      | XOM: divination: magic mapping
   147 | D:1      | Reached skill level 1 in Dodging
   147 | D:1      | Reached XP level 2. HP: 22/24 MP: 2/2
   460 | D:1      | XOM: medium Pois miscast
   551 | D:2      | Reached XP level 3. HP: 14/29 MP: 3/3
  1095 | D:2      | Reached XP level 4. HP: 30/37 MP: 4/4
  1173 | D:2      | XOM: potion effect (agility)
  1179 | D:2      | Reached skill level 4 in Maces & Flails
  1444 | D:2      | Found a deep blue altar of Sif Muna.
  1499 | D:2      | XOM: noise
  1513 | D:2      | XOM: divination: detect creatures
  1597 | D:2      | Noticed Natasha
  1601 | D:2      | Killed Natasha
  1601 | D:2      | Reached XP level 5. HP: 31/42 MP: 5/5
  1615 | D:2      | HP: 2/42 [poisoned by a goblin]
  1616 | D:2      | Succumbed to a goblin's poison

Action                   |  1- 3 |  4- 6 || total
-------------------------+-------+-------++-------
Melee: Mace              |    75 |    37 ||   112
  Use: Potion            |     1 |       ||     1
 Stab: Paralysed         |       |     1 ||     1
  Eat: Chunk             |     1 |     1 ||     2
